 Dungeon Crawl Stone Soup version 0.31-a0-982-g1816016f30 (webtiles) character file.

Game seed: 3842062350642043807

51 BinkBink the Ducker (level 3, 0/30 HPs)
             Began as a Merfolk Monk on Nov 2, 2023.
             Slain by a goblin
             ... wielding a +0 dagger of freezing
             ... led by Robin
              (6 damage)
             ... on level 2 of the Dungeon.
             The game lasted 00:01:11 (944 turns).

BinkBink the Ducker (Merfolk Monk)                   Turns: 944, Time: 00:01:12

Health: 0/30       AC:  2    Str: 11    XL:     3   Next: 83%
Magic:  3/3        EV: 14    Int:  9    God:
Gold:   24         SH:  0    Dex: 18    Spells: 2/2 levels left

rFire   . . .        a - +0 falchion
rCold   . . .        d - orb {light}
rNeg    . . .        b - +0 robe
rPois   .            (no helmet)
rElec   .            (no cloak)
rCorr   .            (no gloves)
SInv    .            (no boots)
Will    .....        (no amulet)
Stlth   +            (no ring)
HPRegen 0.25/turn    (no ring)
MPRegen 0.08/turn

%: no passive effects
@: glowing
A: (nimble swimmer 2), mertail
a: no special abilities


You were on level 2 of the Dungeon.
You visited 1 branch of the dungeon, and saw 2 of its levels.

You collected 24 gold pieces.

Inventory:

Hand Weapons
 a - a +0 falchion (weapon)
Armour
 b - a +0 robe (worn)
 d - an orb of light (worn)
Jewellery
 f - an amulet of the acrobat
Scrolls
 e - a scroll of enchant armour {unknown}
 g - 2 scrolls of identify {unknown}
Potions
 h - a potion of brilliance {unknown}


   Skills:
 + Level 4.0 Fighting
 + Level 4.3 Long Blades
 + Level 4.8 Dodging


You had 2 spell levels left.
You didn't know any spells.
Your spell library was empty.

Dungeon Overview and Level Annotations

Branches:
Dungeon (2/15)

Altars:

Annotations:
D:2 Sigmund


Innate Abilities, Weirdness & Mutations

((You are very nimble when in or above water. (Stealth+, EV+, Speed+++)))
Your lower body shifts to a powerful aquatic tail in water.


Message History

The goblin hits you with a +0 dagger. The goblin barely misses you.
You slash the goblin!
You kill the goblin!
Robin throws the goblin at you!
The goblin hits you with a +0 dagger. x2
* * * LOW HITPOINT WARNING * * *
You slash the goblin!
You kill the goblin!
The goblin completely misses you.
Found a silver ring.
Robin says, "Bow before me, strongest of all the hobgoblins!"
The goblin attacks as it pursues you! The goblin hits you with a +0 dagger.
* * * LOW HITPOINT WARNING * * *
Items here: ))) †.
You hit the goblin.
The goblin is almost dead.
The goblin hits you but does no damage.
You hit the goblin.
You kill the goblin!
You hit Robin.
Robin is moderately wounded.
Robin hits you but does no damage.
You hit Robin.
Robin is severely wounded.
Robin hits you with a +0 dagger.
* * * LOW HITPOINT WARNING * * *
Robin misses you.
You hit Robin.
Robin is almost dead.
Robin closely misses you.
You hit Robin.
You kill Robin!
Your Fighting skill increases to level 4!
You barely miss the goblin. The goblin barely misses you.
You hit the goblin.
The goblin is heavily wounded.
The goblin misses you.
You barely miss the goblin.
The goblin is heavily wounded.
The goblin hits you with a +0 dagger of freezing.
You die...

# ### =.# ..# #.#
#.# #.# #.####.#
#.#.# .......#
#.#.#
#.############.#.#
#...........##.#.#
##########.###.#@#
# #.......# #.#g#
# #.#########.#.#
# #.# #....)# #
#.#######.#....# #
#.........####.# #
########### .# #
.# # .#


You could see a goblin (strong).

Vanquished Creatures
  Robin (D:2)
  An adder (D:2)
  A dart slug (D:1)
  3 ball pythons (D:1)
  3 bats (D:1)
  2 endoplasms (D:1)
  5 goblins
  A hobgoblin (D:2)
  2 jackals (D:1)
  3 kobolds (D:1)
  3 frilled lizards
  2 rats (D:1)
27 creatures vanquished.

Notes
Turn   | Place    | Note
-------+----------+-------------------------------------------
     0 | D:1      | BinkBink the Merfolk Monk began the quest for the Orb.
     0 | D:1      | Reached XP level 1. HP: 18/18 MP: 1/1
   132 | D:1      | Reached XP level 2. HP: 24/24 MP: 2/2
   387 | D:1      | Found a faded altar of an unknown god.
   424 | D:1      | Reached XP level 3. HP: 30/30 MP: 3/3
   661 | D:2      | Noticed Sigmund
   675 | D:2      | HP: 1/30 [Sigmund/puff of flame (8)]
   925 | D:2      | Noticed Robin
   941 | D:2      | Killed Robin
   944 | D:2      | Slain by a goblin

Illustrated notes

Levels and vault maps discovered:
D:1:      evilmike_arrival_hilbert_curve, layout_basic, basic_ecumenical_altar
D:2:      layout_basic, uniq_jessica, uniq_sigmund, uniq_robin

Skill      XL: |  1  2  3 |
---------------+----------+-----
Long Blades    | 4 |  4.3
Fighting       | 4 |  4.0
Dodging        | |  4.8

Action                     || total
---------------------------++-------
  Melee: Falchion          ||    74
    Use: Potion            ||     1
 Armour: Robe              ||    41
  Dodge: Dodged            ||    70

Table legend: (Time is in decaauts)
 A = Elapsed time spent in this place.
 B = Non-inter-level travel time spent in this place.
 C = Inter-level travel time spent in this place.
 D = Time resting spent in this place.
 E = Time spent auto-exploring this place.
 F = Levels seen in this place.
 G = Mean time per level.
                   A        B        C        D        E       F      G
               +--------+--------+--------+--------+--------+-----+--------+
         Total |    951 |    889 |     62 |      3 |    702 |   2 |  475.5 |
       Dungeon |    951 |    889 |     62 |      3 |    702 |   2 |  475.5 |
               +--------+--------+--------+--------+--------+-----+--------+

Top non-repeatable levels by time:
     D:1: 725 daAuts
     D:2: 226 daAuts
